SNL (28 & UNDER)
MONTGOMERY BISCUITS @ SALEM SILVER SOULS
09/11/2030
 
TOP OF THE 1ST
Montgomery Biscuits batting - Pitching for Salem Silver Souls : LHP Reynaldo Vázquez
Pitching: LHP Reynaldo Vázquez
Batting: RHB Juan Morales 0-0: SINGLE (Line Drive, 78M)
Batting: LHB Amlak Saitoti 0-0: Ball
1-0: Called Strike
1-1: Ball
2-1: Foul Ball, location: 2F
2-2: Ball
3-2: Fielders Choice at 2nd, 4-6 (Groundball, 4)
Batting: LHB Marcos Féliz 0-0: Ball
1-0: Called Strike
1-1: Called Strike
1-2: Ground out 5-3 (Groundball, 5S)
Amlak Saitoti to second
Batting: RHB Reinaldo Amarante 0-0: Fly out, F3 (Popup, 3)
Top of the 1st over - 0 runs, 1 hit, 0 errors, 1 left on base; Montgomery 0 - Salem 0
BOTTOM OF THE 1ST
Salem Silver Souls batting - Pitching for Montgomery Biscuits : RHP Clancy Steele
Pitching: RHP Clancy Steele
Batting: LHB Chris White 0-0: Called Strike
0-1: Foul Ball, location: 2F
0-2: Fly out, F8 (Flyball, 8LD)
Batting: LHB Balduíno Bruschy 0-0: Called Strike
0-1: Ball
1-1: Ball
2-1: Ball
3-1: Base on Balls
Batting: RHB Chris Hall 0-0: Grounds into double play, 6-4-3 (Groundball, 6)
Bottom of the 1st over - 0 runs, 0 hits, 0 errors, 0 left on base; Montgomery 0 - Salem 0
TOP OF THE 2ND
Montgomery Biscuits batting - Pitching for Salem Silver Souls : LHP Reynaldo Vázquez
Batting: LHB Francisco Romo 0-0: Called Strike
0-1: Foul Ball, location: 2F
0-2: Ball
1-2: Foul Ball, location: 2F
1-2: Ball
2-2: Fly out, F4 (Line Drive, 4)
Batting: SHB Pancho Ruíz 0-0: Called Strike
0-1: Called Strike
0-2: SINGLE (Groundball, 4D)
Batting: SHB Marvin López 0-0: Ball
1-0: Ball
2-0: Foul Ball, location: 2F
2-1: 2-RUN HOME RUN (Flyball, 9LD), Distance : 343 ft
Batting: RHB Jorge Guzmán 0-0: Ball
1-0: Foul Ball, location: 2F
1-1: Ball
2-1: Ground out 5-3 (Groundball, 5)
Batting: RHB Greg Williams 0-0: Called Strike
0-1: Ball
1-1: Foul Ball, location: 2F
1-2: Ball
2-2: Ball
3-2: Foul Ball, location: 2F
3-2: Strikes out looking
Top of the 2nd over - 2 runs, 2 hits, 0 errors, 0 left on base; Montgomery 2 - Salem 0
BOTTOM OF THE 2ND
Salem Silver Souls batting - Pitching for Montgomery Biscuits : RHP Clancy Steele
Batting: LHB José Guillén 0-0: Called Strike
0-1: SINGLE (Flyball, 89S)
Batting: RHB Gilberto León 0-0: Ball
1-0: Fly out, F7 (Flyball, 7)
Batting: SHB Alberto Sandoval 0-0: Called Strike
Pickoff Throw by Catcher to First - Out!
0-1: Ground out 6-3 (Groundball, 56)
Bottom of the 2nd over - 0 runs, 1 hit, 0 errors, 0 left on base; Montgomery 2 - Salem 0
TOP OF THE 3RD
Montgomery Biscuits batting - Pitching for Salem Silver Souls : LHP Reynaldo Vázquez
Batting: RHB Juan Morales 0-0: Foul Ball, location: 2F
0-1: Foul Ball, location: 2F
0-2: Foul Ball, location: 2F
0-2: Fly out, F7 (Flyball, 7)
Batting: LHB Amlak Saitoti 0-0: Ball
1-0: Ball
2-0: SINGLE (Flyball, 89S)
Batting: LHB Marcos Féliz 0-0: Foul Ball, location: 2F
0-1: Called Strike
0-2: Ball
1-2: Strikes out swinging
Batting: RHB Reinaldo Amarante 0-0: Hit by Pitch
Amlak Saitoti to second
Batting: LHB Francisco Romo 0-0: Foul Ball, location: 2F
0-1: Ball
1-1: Reached on error, E4 (Groundball, 4)
Amlak Saitoti scores
Reinaldo Amarante to third
Batting: SHB Pancho Ruíz 0-0: Ball
1-0: Ball
Wild Pitch!
Reinaldo Amarante scores
Francisco Romo to third
2-0: Ground out 5-3 (Groundball, 56S)
Top of the 3rd over - 2 runs, 1 hit, 1 error, 1 left on base; Montgomery 4 - Salem 0
BOTTOM OF THE 3RD
Salem Silver Souls batting - Pitching for Montgomery Biscuits : RHP Clancy Steele
Batting: LHB Howard Holder 0-0: Called Strike
0-1: Fly out, F9 (Flyball, 9D)
Batting: RHB Pedro Rivera 0-0: Called Strike
0-1: Ball
1-1: Ground out 4-3 (Groundball, 4)
Batting: RHB Cameron Irwin 0-0: Ball
1-0: Foul Ball, location: 2F
1-1: Swinging Strike
1-2: Foul Ball, location: 2F
1-2: Strikes out looking
Bottom of the 3rd over - 0 runs, 0 hits, 0 errors, 0 left on base; Montgomery 4 - Salem 0
TOP OF THE 4TH
Montgomery Biscuits batting - Pitching for Salem Silver Souls : LHP Reynaldo Vázquez
Batting: SHB Marvin López 0-0: Called Strike
0-1: Ball
1-1: Ball
2-1: Ground out 4-3 (Groundball, 4)
Batting: RHB Jorge Guzmán 0-0: Ball
1-0: Called Strike
1-1: Foul Ball, location: 2F
1-2: Ball
2-2: Strikes out looking
Batting: RHB Greg Williams 0-0: Called Strike
0-1: Ball
1-1: Foul Ball, location: 2F
1-2: Ball
2-2: Strikes out swinging
Top of the 4th over - 0 runs, 0 hits, 0 errors, 0 left on base; Montgomery 4 - Salem 0
BOTTOM OF THE 4TH
Salem Silver Souls batting - Pitching for Montgomery Biscuits : RHP Clancy Steele
Batting: LHB Chris White 0-0: Swinging Strike
0-1: Ball
1-1: Swinging Strike
1-2: Strikes out swinging
Batting: LHB Balduíno Bruschy 0-0: Ball
1-0: Ball
2-0: Ball
3-0: Base on Balls
Batting: RHB Chris Hall 0-0: Fly out, F7 (Flyball, 7)
Batting: LHB José Guillén 0-0: Called Strike
0-1: Swinging Strike
0-2: Ball
1-2: Foul Ball, location: 2F
1-2: Foul Ball, location: 2F
1-2: Foul Ball, location: 2F
1-2: SINGLE (Line Drive, 6M)
Balduíno Bruschy to second
Batting: RHB Gilberto León 0-0: Ball
1-0: Ground out U3 (Groundball, 34S)
Bottom of the 4th over - 0 runs, 1 hit, 0 errors, 2 left on base; Montgomery 4 - Salem 0
TOP OF THE 5TH
Montgomery Biscuits batting - Pitching for Salem Silver Souls : LHP Reynaldo Vázquez
Batting: RHB Juan Morales 0-0: Ball
1-0: Ball
2-0: Ball
3-0: Base on Balls
Batting: LHB Amlak Saitoti 0-0: Ball
1-0: Ball
2-0: Ball
3-0: Called Strike
3-1: Fielders Choice at 2nd, 4-6 (Groundball, 4)
Batting: LHB Marcos Féliz 0-0: Ball
1-0: Ball
2-0: Ball
3-0: Called Strike
3-1: Base on Balls
Amlak Saitoti to second
Batting: RHB Reinaldo Amarante 0-0: Ball
Amlak Saitoti steals 3rd base
Marcos Féliz to second
1-0: Intentional Walk
Batting: LHB Francisco Romo 0-0: Fly out, F7 (Flyball, 7S)
Batting: SHB Pancho Ruíz 0-0: Ball
1-0: Called Strike
1-1: Ball
2-1: Ball
3-1: Foul Ball, location: 2F
3-2: Foul Ball, location: 2F
3-2: Base on Balls
Amlak Saitoti scores
Marcos Féliz to third
Reinaldo Amarante to second
Batting: SHB Marvin López 0-0: Ball
1-0: Foul Ball, location: 2F
1-1: Ball
2-1: Ball
3-1: Base on Balls
Marcos Féliz scores
Reinaldo Amarante to third
Pancho Ruíz to second
Pitching: RHP Emílio Aguirre
Batting: RHB Jorge Guzmán 0-0: Called Strike
0-1: Foul Ball, location: 2F
0-2: Strikes out swinging
Top of the 5th over - 2 runs, 0 hits, 0 errors, 3 left on base; Montgomery 6 - Salem 0
BOTTOM OF THE 5TH
Salem Silver Souls batting - Pitching for Montgomery Biscuits : RHP Clancy Steele
Batting: SHB Alberto Sandoval 0-0: Called Strike
0-1: Called Strike
0-2: Foul Ball, location: 2F
0-2: Strikes out swinging
Batting: LHB Howard Holder 0-0: Ball
1-0: Foul Ball, location: 2F
1-1: Ball
2-1: Foul Ball, location: 2F
2-2: Ball
3-2: Foul Ball, location: 2F
3-2: DOUBLE (Line Drive, 7LM)
Batting: RHB Pedro Rivera 0-0: Ball
1-0: Swinging Strike
1-1: Ground out U3 (Groundball, 3L)
Howard Holder to third
Batting: RHB Cameron Irwin 0-0: Ball
1-0: Foul Ball, location: 2F
1-1: Ball
2-1: Foul Ball, location: 2F
2-2: Foul Ball, location: 2F
2-2: Strikes out swinging
Bottom of the 5th over - 0 runs, 1 hit, 0 errors, 1 left on base; Montgomery 6 - Salem 0
TOP OF THE 6TH
Montgomery Biscuits batting - Pitching for Salem Silver Souls : RHP Emílio Aguirre
Batting: RHB Greg Williams 0-0: Ball
1-0: Called Strike
Error on foul ball, E9
1-2: Foul Ball, location: 2F
1-2: Foul Ball, location: 2F
1-2: Foul Ball, location: 2F
1-2: SINGLE (Flyball, 8RS)
Batting: RHB Juan Morales 0-0: Ball
1-0: SINGLE (Groundball, 5L) (infield hit)
Greg Williams to second
Batting: LHB Amlak Saitoti 0-0: Called Strike
0-1: Swinging Strike
0-2: Ball
1-2: Ball
2-2: Ball
3-2: Foul Ball, location: 2F
3-2: Foul Ball, location: 2F
3-2: Base on Balls
Greg Williams to third
Juan Morales to second
Batting: LHB Marcos Féliz 0-0: Called Strike
0-1: Fly out, F5 (Line Drive, 56)
Batting: RHB Reinaldo Amarante 0-0: Called Strike
0-1: DOUBLE (Line Drive, 9LS)
Greg Williams scores
Juan Morales scores
Amlak Saitoti to third
Runner from 3rd tries for Home, SAFE, no throw
Batting: LHB Francisco Romo 0-0: Called Strike
0-1: Swinging Strike
0-2: Fly out, F9 (Flyball, 9)
Batting: SHB Pancho Ruíz 0-0: Foul Ball, location: 2F
0-1: Ball
1-1: Ground out 5-3 (Groundball, 56)
Top of the 6th over - 3 runs, 3 hits, 1 error, 1 left on base; Montgomery 9 - Salem 0
BOTTOM OF THE 6TH
Salem Silver Souls batting - Pitching for Montgomery Biscuits : RHP Clancy Steele
Batting: LHB Chris White 0-0: Ball
1-0: Foul Ball, location: 2F
1-1: Called Strike
1-2: Ball
2-2: Ball
3-2: SINGLE (Line Drive, 89S)
Batting: LHB Balduíno Bruschy 0-0: Ball
1-0: Ball
Chris White steals 2nd base
2-0: Foul Ball, location: 2F
2-1: Foul Ball, location: 2F
2-2: SINGLE (Line Drive, 34D)
Chris White to third
Batting: RHB Chris Hall 0-0: Foul Ball, location: 2F
0-1: Foul Ball, location: 2F
0-2: Strikes out swinging
Batting: LHB José Guillén 0-0: Called Strike
0-1: DOUBLE (Groundball, 3L)
Chris White scores
Balduíno Bruschy to third
Batting: RHB Gilberto León 0-0: Foul Ball, location: 2F
0-1: Ball
1-1: SINGLE (Line Drive, 56D)
Balduíno Bruschy scores
José Guillén to third
Runner from 3rd tries for Home, SAFE, no throw
Batting: SHB Alberto Sandoval 0-0: Swinging Strike
0-1: Ball
1-1: Called Strike
1-2: Fly out, F4 (Popup, 4)
Batting: LHB Howard Holder 0-0: Ball
1-0: SINGLE (Groundball, 6MD)
Gilberto León to second
Runner from 2nd tries for 3rd, OUT!
Bottom of the 6th over - 3 runs, 5 hits, 0 errors, 1 left on base; Montgomery 9 - Salem 3
TOP OF THE 7TH
Montgomery Biscuits batting - Pitching for Salem Silver Souls : RHP Emílio Aguirre
Batting: SHB Marvin López 0-0: Ball
1-0: Ball
2-0: SINGLE (Groundball, 3D)
Batting: RHB Jorge Guzmán 0-0: Ball
1-0: Called Strike
1-1: Ball
2-1: Ball
3-1: Called Strike
3-2: Foul Ball, location: 2F
3-2: Strikes out swinging
Batting: RHB Greg Williams 0-0: Ball
1-0: Ball
2-0: Ball
3-0: Called Strike
3-1: Base on Balls
Marvin López to second
Batting: RHB Juan Morales 0-0: Ball
1-0: Fielders Choice at 2nd, 5-4 (Groundball, 5)
Marvin López to third
Batting: LHB Amlak Saitoti 0-0: Called Strike
0-1: Foul Ball, location: 2F
0-2: Ball
1-2: Ground out 4-3 (Groundball, 34D)
Top of the 7th over - 0 runs, 1 hit, 0 errors, 2 left on base; Montgomery 9 - Salem 3
BOTTOM OF THE 7TH
Salem Silver Souls batting - Pitching for Montgomery Biscuits : RHP Clancy Steele
Now in LF: Gilbert Stegall
Batting: RHB Pedro Rivera 0-0: Swinging Strike
0-1: Ball
1-1: Ball
2-1: Foul Ball, location: 2F
2-2: Strikes out swinging
Batting: RHB Cameron Irwin 0-0: Ball
1-0: Called Strike
1-1: Ball
2-1: Called Strike
2-2: Strikes out looking
Batting: LHB Chris White 0-0: Foul Ball, location: 2F
0-1: Ball
1-1: Ball
2-1: Swinging Strike
2-2: Ball
3-2: Base on Balls
Pitching: LHP Juan Reyes
Batting: LHB Balduíno Bruschy 0-0: Called Strike
Chris White steals 2nd base
0-1: Called Strike
0-2: Ball
1-2: SINGLE (Flyball, 89S)
Chris White to third
Runner from 3rd tries for Home, SAFE, throw made home
Batting: RHB Chris Hall 0-0: Called Strike
0-1: Ball
1-1: Ground out 1-3 (Groundball, 15S)
Bottom of the 7th over - 1 run, 1 hit, 0 errors, 1 left on base; Montgomery 9 - Salem 4
TOP OF THE 8TH
Montgomery Biscuits batting - Pitching for Salem Silver Souls : RHP Emílio Aguirre
Batting: LHB Marcos Féliz 0-0: Ball
1-0: Swinging Strike
1-1: Called Strike
1-2: Strikes out swinging
Batting: RHB Reinaldo Amarante 0-0: Ball
1-0: Ball
2-0: Foul Ball, location: 2F
2-1: Ball
3-1: Called Strike
3-2: Strikes out swinging
Batting: LHB Francisco Romo 0-0: Called Strike
0-1: Foul Ball, location: 2F
0-2: Ball
1-2: Ball
2-2: Fly out, F3 (Line Drive, 3S)
Top of the 8th over - 0 runs, 0 hits, 0 errors, 0 left on base; Montgomery 9 - Salem 4
BOTTOM OF THE 8TH
Salem Silver Souls batting - Pitching for Montgomery Biscuits : LHP Juan Reyes
Batting: LHB José Guillén 0-0: Called Strike
0-1: Ball
1-1: Fly out, F8 (Flyball, 78M)
Batting: RHB Gilberto León 0-0: Foul Ball, location: 2F
0-1: Ball
1-1: Ball
2-1: Ball
3-1: Called Strike
3-2: Strikes out swinging
Batting: SHB Alberto Sandoval 0-0: Fly out, F9 (Flyball, 9LD)
Bottom of the 8th over - 0 runs, 0 hits, 0 errors, 0 left on base; Montgomery 9 - Salem 4
TOP OF THE 9TH
Montgomery Biscuits batting - Pitching for Salem Silver Souls : RHP Emílio Aguirre
Batting: SHB Pancho Ruíz 0-0: Ball
1-0: Ball
2-0: Called Strike
2-1: Swinging Strike
2-2: Ground out 3-1 (Groundball, 34)
Batting: SHB Marvin López 0-0: Ball
1-0: Fly out, F7 (Flyball, 7LDF)
Batting: LHB Gilbert Stegall 0-0: Ball
1-0: Swinging Strike
1-1: SINGLE (Groundball, 56D)
Batting: RHB Greg Williams 0-0: Called Strike
0-1: Ball
1-1: Ball
2-1: Ball
3-1: Swinging Strike
3-2: Foul Ball, location: 2F
3-2: Strikes out swinging
Top of the 9th over - 0 runs, 1 hit, 0 errors, 1 left on base; Montgomery 9 - Salem 4
BOTTOM OF THE 9TH
Salem Silver Souls batting - Pitching for Montgomery Biscuits : LHP Juan Reyes
Batting: LHB Howard Holder 0-0: Called Strike
0-1: Ball
1-1: Called Strike
1-2: Fly out, F9 (Flyball, 9D)
Batting: RHB Pedro Rivera 0-0: Ball
1-0: Ball
2-0: Foul Ball, location: 2F
2-1: Foul Ball, location: 2F
2-2: Foul Ball, location: 2F
2-2: Foul Ball, location: 2F
2-2: Foul Ball, location: 2F
2-2: Fly out, F5 (Popup, 5SF)
Batting: RHB Cameron Irwin 0-0: Called Strike
0-1: Ground out 3-1 (Groundball, 34)
Bottom of the 9th over - 0 runs, 0 hits, 0 errors, 0 left on base; Montgomery 9 - Salem 4
Saturday, April 7th, 2018 - OOTP Baseball 18.8 Build 76